 Dungeon Crawl Stone Soup version 0.18.1-50-g88ac8fd (webtiles) character file.

1639727 Dioneo the Intangible (level 27, 110/245 HPs)
             Began as a Merfolk Gladiator on Oct 18, 2016.
             Was a High Priest of Okawaru.
             Escaped with the Orb
             ... and 3 runes on Oct 19, 2016!
             The game lasted 05:45:23 (78543 turns).

Dioneo the Intangible (Merfolk Gladiator)          Turns: 78543, Time: 05:45:24

Health: 110/245    AC: 29    Str: 34    XL:     27
Magic:  35/35      EV: 45    Int:  8    God:    Okawaru [*****.]
Gold:   6898       SH:  2    Dex: 29    Spells: 2 memorised, 23 levels left

rFire  + + .     SeeInvis .     j - +9 bardiche (flame)
rCold  . . .     Gourm    .     i - +6 mottled dragon armour
rNeg   . . .     Faith    .     (shield currently unavailable)
rPois  .         Spirit   .     K - +2 helmet
rElec  +         Dismiss  .     y - +1 cloak of Leaves {*Confuse rElec Str+6 Dex+4}
rCorr  +         Reflect  +     O - +3 pair of gauntlets of War {Slay+5}
SustAt .         Harm     .     b - +2 pair of boots {run}
MR     ++++.                    S - amulet "Qoc Hat" {Reflect MR+ Slay+5 SH+2}
Stlth  +++.......               U - ring of the Moon {rCorr Str+7 Dex+4}
                                F - ring "Qijuox" {rF++ MR+ EV+5 Slay-6}

@: very slightly contaminated, quick, incredibly resistant to hostile
enchantments, fairly stealthy
A: change form in water, swift swim
a: Heroism, Finesse, Renounce Religion
0: Orb of Zot
}: 3/15 runes: barnacled, silver, gossamer


You escaped.
You worshipped Okawaru.
Okawaru was extremely pleased with you.
You were very hungry.

You visited 9 branches of the dungeon, and saw 49 of its levels.
You also visited: Labyrinth.

You collected 7228 gold pieces.
You spent 330 gold pieces at shops.

Inventory:

Hand Weapons
 j - a +9 bardiche of flaming (weapon)
 o - a +3 vampiric bardiche
Missiles
 a - 45 javelins of penetration (quivered)
Armour
 b - a +2 pair of boots of running (worn)
 i - a +6 mottled dragon armour (worn)
 y - the +1 cloak of Leaves (worn) {*Confuse rElec Str+6 Dex+4}
   (You acquired it on level 1 of the Lair of Beasts)

   It affects your strength (+6).
   It affects your dexterity (+4).
   It insulates you from electricity.
   It may confuse you when you take damage.
 K - a +2 helmet (worn)
 O - the +3 pair of gauntlets of War (worn) {Slay+5}
   (You found it in a labyrinth)

   It affects your accuracy and damage with ranged weapons and melee attacks
   (+5).
Rods
 q - a +2 rod of clouds (13/13)
   (You found it on level 8 of the Lair of Beasts)
Jewellery
 v - an uncursed ring of positive energy
 A - an uncursed ring of protection from magic
 C - an uncursed ring of see invisible
 D - an uncursed ring of protection from cold
 F - the ring "Qijuox" (left hand) {rF++ MR+ EV+5 Slay-6}
   (You found it on level 4 of the Shoals)

   [ring of evasion]

   It affects your evasion (+5).
   It affects your accuracy and damage with ranged weapons and melee attacks
   (-6).
   It greatly protects you from fire.
   It affects your resistance to hostile enchantments.
 S - the amulet "Qoc Hat" (around neck) {Reflect MR+ Slay+5 SH+2}
   (You found it on level 1 of the Orcish Mines)

   [amulet of reflection]

   It shields you and reflects attacks.
   It affects your accuracy and damage with ranged weapons and melee attacks
   (+5).
   It affects your resistance to hostile enchantments.
   It affects your SH (+2).
 T - an uncursed ring of poison resistance
 U - the ring of the Moon (right hand) {rCorr Str+7 Dex+4}
   (You found it on level 10 of the Dungeon)

   [ring of resist corrosion]

   It affects your strength (+7).
   It affects your dexterity (+4).
 V - an uncursed ring of protection from fire
Wands
 d - a wand of disintegration (24/24)
 z - a wand of teleportation (8/9)
 B - a wand of acid (13/15)
 L - a wand of digging (19/24)
Scrolls
 f - 5 scrolls of identify
 g - 25 scrolls of remove curse
 k - 3 scrolls of enchant armour
 n - 6 scrolls of recharging
 r - a scroll of blinking
 u - 12 scrolls of teleportation
 w - 5 scrolls of fear
 P - 3 scrolls of fog
 R - 2 scrolls of summoning
 Y - a scroll of holy word
 Z - a scroll of silence
Potions
 e - 7 potions of flight
 h - 4 potions of ambrosia
 p - 6 potions of magic
 t - 4 potions of cancellation
 E - 2 potions of berserk rage
 G - 7 potions of resistance
 H - 5 potions of haste
 I - 15 potions of curing
 J - 4 potions of might
 M - 10 potions of brilliance
 N - 2 potions of cure mutation
 X - 7 potions of agility
Miscellaneous
 m - a sack of spiders {used: 1}
 s - a lamp of fire
Comestibles
 c - 9 beef jerkies


   Skills:
 + Level 26.1 Fighting
 - Level 26.0 Polearms
 + Level 13.1 Throwing
 - Level 11.6 Armour
 O Level 27 Dodging
 + Level 17.1 Stealth
 - Level 17.1 Invocations
 + Level 17.7 Evocations


You had 23 spell levels left.
You knew the following spells:

 Your Spells              Type           Power        Failure   Level  Hunger
a - Apportation           Tloc           #.........   50%         1    ##.....
b - Blink                 Tloc           N/A          75%         2    ###....


Dungeon Overview and Level Annotations

Branches:
Dungeon (15/15)            Temple (1/1) D:5            Lair (8/8) D:11
 Shoals (4/4) Lair:4       Spider (4/4) Lair:6        Slime (0/6) Lair:8
    Orc (2/2) D:12            Elf (0/3) Orc:2        Vaults (5/5) D:14
  Crypt (0/3) Vaults:3     Depths (5/5) D:15            Zot (5/5) Depths:5

Altars:
Ashenzari
Gozag
Makhleb
Okawaru
Pakellas
Qazlal
Trog
Vehumet
Xom
Yredelemnul
Zin
The Shining One
Beogh

Shops:
D:4 (   D:5 (*![   D:8 ?   D:15 :   Orc:2 =*[(   Shoals:1 =   Vaults:3 %%(%(
Vaults:5 *

Portals:
Hell: Depths:1 Depths:2 Depths:3 Depths:4 Depths:5
Abyss: Depths:1 Depths:4
Pandemonium: Depths:1 Depths:3 Depths:4
Ziggurat: Depths:1

Annotations:
D:14 Food Stash
Lair:8 exclusion: 2 oklob plants
Vaults:4 exclusion: obsidian statue
Depths:4 1 exclusion
Zot:2 exclusion: 2 doors


Message History

The sun demon is heavily wounded.
Attack whom?
Press: ? - help, Dir - move target cursor, f/p - sun demon
Aim: a sun demon (heavily wounded)
You reach to attack!
You slice the sun demon!!
The sun demon is almost dead.
Attack whom?
Press: ? - help, Dir - move target cursor, f/p - sun demon
Aim: a sun demon (almost dead)
You slice the sun demon!!
You kill the sun demon!
Okawaru accepts your kill.
There is an open door here.
Your extra speed is starting to run out.
There is a staircase leading out of the dungeon here.
You start resting.
You are feeling very hungry.
You start resting.
You feel yourself slow down.
You have escaped!

##.##.####...........####.##
#.##.#...........##..##.♣.# ####
#.##.#.#.#.#####.#....##.## ...##
#....#.#.#..............#.. ....#
##.###.#.#######.#.#.#....#
....####...............#......###
###....#.......#######.#.#.......
####.##.#################.#.###
#### #.##.'.....@....('..(#.#.#..
...# #.##.#################...###
...# #.##.......[......>##....#
...# #)################.##.#.##
)..###.# #.##.#.# .......#
#....#.# ....#### #.####.# ....#
#.# #.# ....##### #.# #.#


There were no monsters in sight!

Vanquished Creatures
  10 orbs of fire (Zot:5)
  2 juggernauts
  6 ancient liches
  A pandemonium lord (Depths:5)
  Margery (Vaults:4)
  Frederick (Vaults:4)
  6 curse toes
  Saint Roka (Orc:2)
  A caustic shrike (Depths:2)
  9 Killer Klowns
  12 golden dragons
  An iron giant (Depths:5)
  2 electric golems
  Arachne (Spider:3)
  An Ice Fiend (D:3)
  2 hellephants (Zot:2)
  22 tentacled monstrosities
  7 liches
  26 Orb Guardians
  8 titans
  4 quicksilver dragons
  6 death cobs
  6 sphinxes
  Polyphemus (Shoals:3)
  8 shadow dragons
  Kirke (Lair:7)
  16 storm dragons
  Ilsuiw (Shoals:4)
  8 tengu reavers
  14 fire giants
  15 frost giants
  Donald (Shoals:1)
  4 draconian monks
  3 draconian knights
  2 deep elf sorcerers
  3 draconian scorchers
  5 draconian zealots
  17 vault wardens
  3 orc warlords
  10 ghost moths
  6 emperor scorpions
  Aizul (Shoals:3)
  4 iron dragons
  31 stone giants
  9 draconian shifters
  A draconian caller (Zot:3)
  18 very ugly things
  3 war gargoyles (Vaults:5)
  4 spriggan defenders
  4 draconian annihilators
  15 ironheart preservers
  4 green draconians
  A deep elf demonologist (Vaults:3)
  A vampire knight (Depths:5)
  A lorocyproca (D:12)
  A deep elf annihilator (Vaults:5)
  Nessos (Lair:5)
  Azrael (Spider:3)
  16 yellow draconians
  4 salamander stormcallers
  4 black draconians
  10 red draconians
  A dire elephant (Zot:2)
  5 white draconians
  11 mottled draconians
  17 purple draconians
  9 spark wasps
  5 merfolk javelineers (Shoals:4)
  6 merfolk impalers
  A blizzard demon (Depths:4)
  3 deep elf death magi
  7 jiangshi
  22 fire dragons
  A green death (Depths:3)
  30 vault guards
  20 ettins
  16 ogre magi
  A minotaur (Lab)
  24 yaktaur captains
  9 entropy weavers
  3 deep elf high priests
  Josephine (D:12)
  9 great orbs of eyes
  A great orb of eyes (shapeshifter) (Vaults:5)
  6 merfolk avatars
  10 hydras
  4 rakshasas
  28 ice dragons
  2 ice dragons (shapeshifter)
  2 alligator snapping turtles (Shoals:4)
  9 spriggan air magi
  3 catoblepae
  2 merfolk aquamancers (Shoals:4)
  14 centaur warriors
  Erica (D:9)
  A queen ant (Lair:3)
  4 satyrs
  2 death knights
  12 deep troll shamans
  12 deep troll earth magi
  6 vampire magi
  A dancing weapon (Vaults:5)
  3 death yaks
  3 orc high priests
  4 spriggan berserkers
  8 tengu warriors
  A soul eater (Depths:4)
  3 iron trolls
  Sonja (D:11)
  2 salamander mystics
  3 sun demons
  6 deep elf knights
  A shadow wraith (Vaults:5)
  13 skeletal warriors
  3 fire crabs (Vaults:3)
  25 hell knights
  28 deep trolls
  10 sea snakes
  6 flayed ghosts
  8 giant orange brains
  A torturous demonspawn (Depths:4)
  4 phantasmal warriors
  5 deep elf archers
  8 hill giants
  17 ironbrand convokers
  A harpy (shapeshifter) (Depths:2)
  A stone giant zombie (Vaults:4)
  2 harpies
  10 necromancers
  4 orc sorcerers
  17 orc knights
  15 griffons
  6 wizards
  17 fauns
  21 wolf spiders
  A fire giant zombie (Vaults:4)
  10 orb spiders
  6 deep elf magi
  13 cyclopes
  2 hornets
  9 salamanders
  52 ugly things
  5 manticores
  32 moths of wrath
  An iron dragon skeleton (Depths:4)
  A hornet (shapeshifter) (Vaults:2)
  2 sixfirhies
  6 sirens
  4 elephants
  A sphinx skeleton (Vaults:3)
  9 vault sentinels
  An elephant (shapeshifter) (Depths:3)
  A manticore (shapeshifter) (Vaults:5)
  A rust devil (Depths:4)
  6 black mambas
  A spriggan zombie (Depths:4)
  4 orange demons
  2 smoke demons (Depths:5)
  A gargoyle (D:9)
  2 torpor snails
  3 water nymphs
  Joseph (D:7)
  10 spiny frogs
  A rime drake (shapeshifter) (Vaults:2)
  3 centaur skeletons (D:14)
  6 demonic crawlers
  10 komodo dragons
  5 hellwings
  An ice devil (D:15)
  2 human skeletons
  11 freezing wraiths
  55 yaktaurs
  5 tengu conjurers
  3 rime drakes
  32 two-headed ogres
  3 trolls
  19 jumping spiders
  A blink frog (shapeshifter) (Depths:2)
  10 merfolk
  4 wind drakes
  15 polar bears
  5 boulder beetles
  25 slime creatures
  9 snapping turtles
  A two-headed ogre (shapeshifter) (Vaults:2)
  15 blink frogs
  5 raiju (Lair:8)
  The ghost of mishamorgan the Conjurer, an amateur HEWz (D:6)
  A redback (shapeshifter) (Depths:3)
  5 spriggans
  5 air elementals
  A flying skull (Vaults:3)
  4 wyverns
  59 redbacks
  22 tarantellas
  A vampire (D:14)
  9 water elementals
  5 shadows
  6 wraiths
  A yak (shapeshifter) (Vaults:4)
  2 basilisks (shapeshifter)
  3 steam dragons
  40 yaks
  2 chaos spawn
  3 hogs (Lair:7)
  4 humans (Zot:2)
  2 basilisks
  2 fire elementals (Spider:3)
  2 golden eyes (Depths:4)
  8 hungry ghosts
  A neqoxec (Depths:3)
  14 hippogriffs
  5 mottled dragons
  A yaktaur simulacrum (Vaults:3)
  Menkaure (D:7)
  27 vampire mosquitoes
  5 large abominations (Depths:2)
  Duvessa (D:6)
  14 soldier ants
  A hell hound (shapeshifter) (D:15)
  11 wargs
  6 hell hounds
  13 water moccasins
  88 orc warriors
  3 giant eyeballs
  3 swamp drakes (Lair:8)
  9 porcupines
  6 ice beasts
  A black bear (shapeshifter) (D:14)
  A human zombie (Vaults:3)
  An ice beast (shapeshifter) (Depths:4)
  7 wasps
  16 black bears
  2 eyes of draining
  2 sky beasts
  60 ogres
  6 phantoms
  An ettin simulacrum (Vaults:4)
  4 boggarts (Vaults:2)
  35 wolves
  20 centaurs
  2 elf skeletons
  21 crocodiles
  2 big kobolds (D:12)
  7 small abominations (Depths:2)
  28 giant frogs
  A wyvern zombie (D:9)
  3 wyvern skeletons
  3 human simulacra
  Dowan (D:6)
  7 scorpions
  9 killer bees
  18 wights
  2 howler monkeys
  4 jellies
  10 electric eels
  9 crimson imps
  3 giant frog zombies
  3 quasits
  20 hounds
  2 wyvern simulacra (D:8)
  43 orc wizards
  Crazy Yiuf (D:7)
  6 centaur zombies
  43 orc priests
  A water moccasin simulacrum (D:8)
  2 giant frog skeletons (D:5)
  4 iron imps
  16 iguanas
  49 worker ants
  30 sheep
  A worker ant zombie (D:10)
  7 gnolls
  12 adders
  44 river rats
  A hound simulacrum (D:8)
  3 shadow imps
  4 white imps
  A worker ant simulacrum (D:8)
  4 ufetubi
  2 oozes
  An adder zombie (D:5)
  2 adder skeletons
  5 worms
  3 dart slugs (D:1)
  6 giant geckos
  168 orcs
  An orc (shapeshifter) (Vaults:5)
  2 ball pythons
  3 giant cockroaches
  9 goblins
  9 hobgoblins
  15 jackals
  7 quokkas
  A ball python skeleton (D:4)
  11 bats
  2 giant gecko skeletons
  3 giant newts
  A jackal skeleton (D:8)
  11 kobolds
  9 rats
  4 fungi
  12 plants
2666 creatures vanquished.

Vanquished Creatures (collateral kills)
  2 ugly things (Vaults:3)
  A human (Zot:2)
  An orc warrior (Vaults:4)
4 creatures vanquished.

Vanquished Creatures (others)
  A caustic shrike (Depths:5)
  2 frost giants
  A fire giant (Depths:5)
  A draconian annihilator (Zot:3)
  A fire dragon (Zot:5)
  A necromancer (Depths:3)
  A sixfirhy (D:3)
  A cyclops (Shoals:4)
  A moth of wrath (Zot:5)
  A torpor snail (Lair:8)
  A redback (Depths:1)
  3 yaks (Lair:8)
  A water moccasin (Lair:7)
  2 ogres
  An orc wizard (D:15)
  An orc (D:8)
  9 fungi
  26 plants
55 creatures vanquished.

Grand Total: 2725 creatures vanquished

Notes
Turn   | Place    | Note
--------------------------------------------------------------
     0 | D:1      | Dioneo the Merfolk Gladiator began the quest for the Orb.
     0 | D:1      | Reached XP level 1. HP: 16/16 MP: 1/1
   303 | D:1      | Reached XP level 2. HP: 16/23 MP: 2/2
   414 | D:1      | Reached skill level 5 in Polearms
   607 | D:1      | Reached XP level 3. HP: 27/28 MP: 3/3
  1375 | D:2      | Reached XP level 4. HP: 30/34 MP: 4/4
  1512 | D:2      | Found a radiant altar of Vehumet.
  2161 | D:2      | Found an opulent altar of Gozag.
  2677 | D:3      | Reached skill level 5 in Dodging
  2750 | D:3      | Found a faded altar to an unknown god.
  2929 | D:3      | Reached XP level 5. HP: 38/41 MP: 5/5
  3706 | D:3      | Found a stormy altar of Qazlal.
  3716 | D:3      | Reached XP level 6. HP: 47/48 MP: 6/6
  4305 | D:4      | Found Toroux's Antique Weapon Emporium.
  4642 | D:5      | Entered Level 5 of the Dungeon
  4642 | D:5      | Found Axeilok's Distillery.
  4787 | D:5      | Got a shimmering leather armour
  4798 | D:5      | Identified the +2 leather armour "Ishonill" {rF+ MP+9} (You found it on level 5 of the Dungeon)
  5000 | D:5      | Reached XP level 7. HP: 52/54 MP: 7/7
  5017 | D:5      | Found a staircase to the Ecumenical Temple.
  5031 | Temple   | Entered the Ecumenical Temple
  5040 | Temple   | Became a worshipper of Warmaster Okawaru
  5069 | D:5      | Found Yquci's Weapon Shop.
  5258 | D:5      | Found a burning altar of Makhleb.
  5278 | D:5      | Reached skill level 6 in Dodging
  5440 | D:5      | Found a bloodstained altar of Trog.
  5641 | D:5      | Reached skill level 5 in Fighting
  5839 | D:5      | Reached * piety under Okawaru
  5839 | D:5      | Reached skill level 10 in Polearms
  5847 | D:5      | Bought a potion of heal wounds for 60 gold pieces
  5847 | D:5      | Bought a potion of heal wounds for 60 gold pieces
  5847 | D:5      | Bought a potion of might for 48 gold pieces
  5855 | D:5      | Found Uteowny's Serpentskin Sales.
  5882 | D:5      | Reached XP level 8. HP: 59/62 MP: 8/8
  5978 | D:5      | Found Ekkiphox's Armour Shoppe.
  5993 | D:5      | Found a glowing silver altar of Zin.
  6056 | D:5      | Reached skill level 7 in Dodging
  6056 | D:5      | Reached skill level 1 in Invocations
  6497 | D:6      | Found a shattered altar of Ashenzari.
  6787 | D:6      | Noticed mishamorgan's ghost (amateur HEWz)
  6816 | D:6      | Killed mishamorgan's ghost
  6840 | D:6      | Noticed Dowan
  6844 | D:6      | Noticed Duvessa
  6876 | D:6      | Killed Duvessa
  6876 | D:6      | Reached ** piety under Okawaru
  6876 | D:6      | Reached skill level 8 in Dodging
  6885 | D:6      | Killed Dowan
  7247 | D:6      | Reached XP level 9. HP: 55/69 MP: 11/11
  7931 | D:7      | Noticed Joseph
  7932 | D:7      | Found an oddly glowing altar of Pakellas.
  7959 | D:7      | Reached skill level 9 in Dodging
  8081 | D:7      | Killed Joseph
  8081 | D:7      | Reached *** piety under Okawaru
  8081 | D:7      | Reached skill level 5 in Invocations
  8448 | D:7      | Noticed Menkaure
  8564 | D:7      | Killed Menkaure
  8832 | D:7      | Noticed Crazy Yiuf
  8835 | D:7      | Killed Crazy Yiuf
  9095 | D:8      | Reached XP level 10. HP: 48/80 MP: 14/14
  9110 | D:8      | Reached skill level 10 in Dodging
  9680 | D:8      | Found Lopuwaan's Magic Scroll Shop.
  9687 | D:8      | Reached **** piety under Okawaru
  9848 | D:8      | Bought a scroll of identify for 24 gold pieces
  9848 | D:8      | Bought a scroll of identify for 24 gold pieces
  9848 | D:8      | Bought a scroll of identify for 24 gold pieces
  9848 | D:8      | Bought a scroll of blinking for 90 gold pieces
  9904 | D:8      | Identified the Disquisition on Flamy Snow
 11783 | D:9      | Found a glowing golden altar of the Shining One.
 11786 | D:9      | Noticed Erica
 12120 | D:9      | Killed Erica
 12120 | D:9      | Reached ***** piety under Okawaru
 12120 | D:9      | Reached skill level 11 in Dodging
 12120 | D:9      | Reached XP level 11. HP: 89/89 MP: 16/16
 12621 | D:10     | Entered Level 10 of the Dungeon
 12692 | D:10     | Got a glittering turquoise ring
 12736 | D:10     | Identified the ring of the Moon {rCorr Str+7 Dex+4} (You found it on level 10 of the Dungeon)
 13711 | D:11     | Noticed a hill giant
 13950 | D:11     | Received a gift from Okawaru
 13950 | D:11     | Reached skill level 10 in Fighting
 14065 | D:11     | Noticed a hill giant
 14077 | D:11     | Killed a hill giant
 14286 | D:11     | Killed a hill giant
 14286 | D:11     | Reached skill level 12 in Dodging
 14424 | D:11     | Noticed a hill giant
 14443 | D:11     | Killed a hill giant
 14656 | D:11     | Found a staircase to the Lair.
 14700 | D:11     | Noticed Sonja
 14769 | D:11     | Killed Sonja
 14872 | D:11     | You fall through a shaft!
 15669 | Lair:1   | Entered Level 1 of the Lair of Beasts
 15729 | Lair:1   | Reached XP level 12. HP: 100/100 MP: 18/18
 15985 | Lair:1   | Reached skill level 1 in Armour
 16235 | Lair:1   | Received a gift from Okawaru
 16553 | Lair:1   | Identified a scroll of acquirement
 16559 | Lair:1   | Got a translucent cloak
 16570 | Lair:1   | Identified the +1 cloak of Leaves {*Confuse rElec Str+6 Dex+4} (You acquired it on level 1 of the Lair of Beasts)
 16645 | Lair:1   | Noticed a seven-headed hydra
 16655 | Lair:1   | Killed a five-headed hydra
 16849 | Lair:2   | Noticed a six-headed hydra
 16860 | Lair:2   | Killed a one-headed hydra
 16914 | Lair:2   | Noticed a four-headed hydra
 16922 | Lair:2   | Killed a one-headed hydra
 16922 | Lair:2   | Reached skill level 13 in Dodging
 16922 | Lair:2   | Reached skill level 10 in Invocations
 16935 | Lair:2   | Found a labyrinth entrance.
 16952 | Lab      | Entered a labyrinth
 17741 | Lab      | Noticed a minotaur
 17750 | Lab      | Killed a minotaur
 17750 | Lab      | Received a gift from Okawaru
 17806 | Lab      | Got an ancient copper ring
 17809 | Lab      | Identified the cursed ring of Xom's Fair Game {rC- Int-2 Dex+3 SInv} (You found it in a labyrinth)
 17866 | Lair:2   | Got a pair of transparent boots
 17877 | Lair:2   | Identified the +2 pair of boots of the Lily {Str+2} (You acquired it on level 2 of the Lair of Beasts)
 19047 | Lair:3   | Reached XP level 13. HP: 109/109 MP: 20/20
 19315 | Lair:3   | Reached skill level 14 in Dodging
 19328 | Lair:3   | Reached skill level 15 in Polearms
 19334 | Lair:3   | Received a gift from Okawaru
 19361 | Lair:3   | Got a smoking hat {god gift}
 19408 | Lair:3   | Reached ****** piety under Okawaru
 19888 | Lair:3   | Identified the +2 hat of Vygude {rC+ rN+ Str-4} (Okawaru gifted it to you on level 3 of the Lair of Beasts)
 20441 | Lair:4   | Found a staircase to the Shoals.
 21584 | Lair:5   | Reached skill level 5 in Armour
 21760 | Lair:5   | Noticed Nessos
 21791 | Lair:5   | Killed Nessos
 22824 | Lair:6   | Found a hole to the Spider Nest.
 22929 | Lair:6   | Reached skill level 15 in Dodging
 23180 | Lair:6   | Received a gift from Okawaru
 23195 | Lair:6   | Got an ichor-stained halberd {god gift}
 23196 | Lair:6   | Identified the +8 halberd "Orb Guardian's Regret" {freeze, rElec rPois Str-5} (Okawaru gifted it to you on level 6 of the Lair of Beasts)
 23369 | Lair:7   | Reached XP level 14. HP: 118/118 MP: 21/21
 24038 | Lair:7   | Reached skill level 5 in Throwing
 24093 | Lair:7   | Reached skill level 1 in Evocations
 24222 | Lair:7   | Noticed Kirke
 24239 | Lair:7   | Killed Kirke
 24718 | Lair:8   | Entered Level 8 of the Lair of Beasts
 24870 | Lair:8   | Received a gift from Okawaru
 25125 | Lair:8   | Reached skill level 16 in Dodging
 25512 | Lair:8   | Got a transparent spear
 25513 | Lair:8   | Identified the +3 spear of Mayhem {elec, rPois rF+ Stlth+} (You found it on level 8 of the Lair of Beasts)
 25528 | Lair:8   | Identified a +2 rod of clouds (13/13) (You found it on level 8 of the Lair of Beasts)
 25888 | Lair:8   | Gained mutation: Your muscles are strong. (Str +2) [potion of beneficial mutation]
 25889 | Lair:8   | Gained mutation: You are agile. (Dex +2) [potion of beneficial mutation]
 26583 | Lair:8   | Found a staircase to the Slime Pits.
 27186 | D:12     | Reached XP level 15. HP: 127/127 MP: 22/22
 27194 | D:12     | Noticed Josephine
 27198 | D:12     | Killed Josephine
 27407 | D:12     | Found a staircase to the Orcish Mines.
 27663 | D:12     | Reached skill level 5 in Evocations
 27979 | Orc:1    | Entered Level 1 of the Orcish Mines
 28082 | Orc:1    | Found a burning altar of Makhleb.
 28159 | Orc:1    | Noticed an orc warlord
 28182 | Orc:1    | Killed an orc warlord
 28182 | Orc:1    | Received a gift from Okawaru
 28293 | Orc:1    | Got a slimy steel amulet
 28294 | Orc:1    | Identified the amulet "Qoc Hat" {Reflect MR+ Slay+5 SH+2} (You found it on level 1 of the Orcish Mines)
 28726 | Orc:1    | Found a roughly hewn altar of Beogh.
 28911 | Orc:2    | Entered Level 2 of the Orcish Mines
 29195 | Orc:2    | Found a roughly hewn altar of Beogh.
 29233 | Orc:2    | Found a staircase to the Elven Halls.
 29457 | Orc:2    | Found a roughly hewn altar of Beogh.
 29603 | Orc:2    | Found a roughly hewn altar of Beogh.
 29639 | Orc:2    | Found Xiod's Assorted Antiques.
 29713 | Orc:2    | Found a roughly hewn altar of Beogh.
 29715 | Orc:2    | Found Hyrphe's Jewellery Boutique.
 29896 | Orc:2    | Reached skill level 17 in Dodging
 29919 | Orc:2    | Reached skill level 15 in Fighting
 30088 | Orc:2    | Found a roughly hewn altar of Beogh.
 30094 | Orc:2    | Found a roughly hewn altar of Beogh.
 30100 | Orc:2    | Noticed Saint Roka
 30140 | Orc:2    | Killed Saint Roka
 30378 | Orc:2    | Found Bexaxtag's Antique Armour Emporium.
 30380 | Orc:2    | Found a roughly hewn altar of Beogh.
 30383 | Orc:2    | Found Symoople's Antique Weapon Shoppe.
 30793 | Orc:1    | Noticed an orc warlord
 30806 | Orc:1    | Killed an orc warlord
 30894 | Orc:1    | Received a gift from Okawaru
 32190 | D:14     | Found a roughly hewn altar of Beogh.
 32301 | D:14     | Reached XP level 16. HP: 128/136 MP: 23/23
 32595 | D:14     | Received a gift from Okawaru
 32899 | D:14     | Found a gate to the Vaults.
 33325 | D:15     | Entered Level 15 of the Dungeon
 33596 | D:15     | Found a staircase to the Depths.
 33694 | D:15     | Reached skill level 18 in Dodging
 33910 | D:15     | Received a gift from Okawaru
 34372 | D:15     | Found Gesmis's Book Shop.
 34599 | D:15     | Received a gift from Okawaru
 34663 | D:15     | Identified a +1 pair of boots of running (Okawaru gifted it to you on level 15 of the Dungeon)
 35229 | Spider:1 | Entered Level 1 of the Spider Nest
 36352 | Spider:2 | Reached XP level 17. HP: 141/145 MP: 24/24
 37135 | Spider:3 | Received a gift from Okawaru
 37184 | Spider:3 | Noticed Arachne
 37205 | Spider:3 | Killed Arachne
 37368 | Spider:3 | Noticed Azrael
 37387 | Spider:3 | Killed Azrael
 37387 | Spider:3 | Received a gift from Okawaru
 37387 | Spider:3 | Reached skill level 10 in Evocations
 37882 | Spider:3 | Received a gift from Okawaru
 38228 | Spider:4 | Entered Level 4 of the Spider Nest
 38722 | Spider:4 | Reached skill level 19 in Dodging
 39185 | Spider:4 | Received a gift from Okawaru
 39987 | Spider:4 | Received a gift from Okawaru
 40138 | Spider:4 | Got a gossamer rune of Zot
 40347 | Shoals:1 | Entered Level 1 of the Shoals
 40392 | Shoals:1 | Found Qupsekess's Jewellery Emporium.
 40797 | Shoals:1 | Noticed Donald
 40802 | Shoals:1 | Killed Donald
 40827 | Shoals:2 | Received a gift from Okawaru
 41269 | Shoals:2 | Received a gift from Okawaru
 41439 | Shoals:2 | Reached XP level 18. HP: 106/155 MP: 25/25
 41707 | Shoals:3 | Noticed Polyphemus
 41725 | Shoals:3 | Killed Polyphemus
 41900 | Shoals:3 | Noticed Aizul
 41909 | Shoals:3 | Killed Aizul
 42428 | Shoals:4 | Entered Level 4 of the Shoals
 42451 | Shoals:4 | Received a gift from Okawaru
 42517 | Shoals:4 | Received a gift from Okawaru
 42562 | Shoals:4 | Reached skill level 20 in Dodging
 42893 | Shoals:4 | Got a barnacled rune of Zot
 43102 | Shoals:4 | Noticed Ilsuiw
 43144 | Shoals:4 | Killed Ilsuiw
 43314 | Shoals:4 | Received a gift from Okawaru
 43318 | Shoals:4 | Got a scorched ivory ring
 43325 | Shoals:4 | Identified the ring "Qijuox" {rF++ MR+ EV+5 Slay-6} (You found it on level 4 of the Shoals)
 43800 | Vaults:1 | Entered Level 1 of the Vaults
 44525 | Vaults:1 | Received a gift from Okawaru
 44533 | Vaults:1 | Reached XP level 19. HP: 163/163 MP: 26/26
 45946 | Vaults:2 | Reached skill level 10 in Throwing
 45992 | Vaults:2 | Received a gift from Okawaru
 46408 | Vaults:2 | Received a gift from Okawaru
 46488 | Vaults:2 | Received a gift from Okawaru
 46504 | Vaults:2 | Reached skill level 21 in Dodging
 47642 | Vaults:3 | Received a gift from Okawaru
 48064 | Vaults:3 | Found Naegeras's Food Shop.
 48083 | Vaults:3 | Found Votaolucag's Food Emporium.
 48191 | Vaults:3 | Found Joozuperch's Weapon Shoppe.
 48329 | Vaults:3 | Found Suript's Antique Weapon Emporium.
 48628 | Vaults:3 | Reached XP level 20. HP: 71/172 MP: 28/28
 48629 | Vaults:3 | Received a gift from Okawaru
 49428 | Vaults:3 | Got a smoking bone amulet
 49431 | Vaults:3 | Identified the amulet "Hizen" {rPois rF- Regen+ MP+9 Str+6} (You found it on level 3 of the Vaults)
 50044 | Vaults:3 | Received a gift from Okawaru
 50062 | Vaults:3 | Found Jerere's Food Emporium.
 50120 | Vaults:3 | Received a gift from Okawaru
 50142 | Vaults:3 | Received a gift from Okawaru
 50540 | Vaults:3 | Received a gift from Okawaru
 50543 | Vaults:3 | Got a pair of dazzling boots {god gift}
 50555 | Vaults:3 | Identified the +2 pair of boots of the Fisher {rElec rC- MR+++ Regen+} (Okawaru gifted it to you on level 3 of the Vaults)
 50569 | Vaults:3 | Found a staircase to the Crypt.
 50727 | Vaults:4 | Noticed Margery
 50740 | Vaults:4 | Reached skill level 22 in Dodging
 50748 | Vaults:4 | Killed Margery
 51055 | Vaults:4 | Noticed Frederick
 51062 | Vaults:4 | Killed Frederick
 51067 | Vaults:4 | Received a gift from Okawaru
 51354 | Vaults:4 | Reached XP level 21. HP: 177/182 MP: 30/30
 52268 | Vaults:4 | Received a gift from Okawaru
 52274 | Vaults:4 | Got a pair of twisted gloves {god gift}
 52285 | Vaults:4 | Identified the +0 pair of gloves of the Dolphin {rPois MR- MP+9 Int+6} (Okawaru gifted it to you on level 4 of the Vaults)
 52625 | Depths:1 | Entered Level 1 of the Depths
 53219 | Depths:1 | Found a gateway to a ziggurat.
 53360 | Depths:1 | Found a one-way gate leading to the halls of Pandemonium.
 53765 | Depths:1 | Found a one-way gate to the infinite horrors of the Abyss.
 53998 | Depths:1 | Found a gateway to Hell.
 54521 | Depths:2 | Reached skill level 23 in Dodging
 54558 | Depths:2 | Received a gift from Okawaru
 54638 | Depths:2 | Reached skill level 10 in Armour
 55083 | Depths:2 | Noticed a caustic shrike
 55089 | Depths:2 | Killed a caustic shrike
 55090 | Depths:2 | Got an uncursed twisted glaive {venom}
 55143 | Depths:2 | Reached XP level 22. HP: 104/192 MP: 32/32
 55352 | Depths:2 | Identified the +4 glaive of Blood {venom, rPois rF+ rN+} (You took it off a yaktaur captain on level 2 of the Depths)
 55421 | Depths:2 | Received a gift from Okawaru
 55543 | Depths:2 | Noticed a juggernaut
 55555 | Depths:2 | Killed a juggernaut
 56683 | Depths:3 | Reached skill level 15 in Invocations
 57193 | Depths:3 | Received a gift from Okawaru
 57701 | Depths:3 | Paralysed by a giant eyeball for 2 turns
 57754 | Depths:3 | Reached skill level 24 in Dodging
 57952 | Depths:3 | Reached XP level 23. HP: 189/200 MP: 34/34
 59060 | Depths:4 | Received a gift from Okawaru
 60168 | Depths:4 | Noticed a golden dragon
 60173 | Depths:4 | Noticed a golden dragon
 60179 | Depths:4 | Killed a golden dragon
 60192 | Depths:4 | Killed a golden dragon
 60891 | Depths:5 | Entered Level 5 of the Depths
 61243 | Depths:5 | Received a gift from Okawaru
 61573 | Depths:5 | Received a gift from Okawaru
 61806 | Depths:5 | Received a gift from Okawaru
 61806 | Depths:5 | Reached XP level 24. HP: 164/210 MP: 34/34
 61925 | Depths:5 | Found a basalt altar of Yredelemnul.
 61926 | Depths:5 | Found an oddly glowing altar of Pakellas.
 62162 | Depths:5 | Found a gate to the Realm of Zot.
 62235 | Depths:5 | Found a shimmering altar of Xom.
 62446 | Depths:5 | Reached skill level 25 in Dodging
 62808 | Depths:5 | Received a gift from Okawaru
 63273 | Depths:5 | Noticed a caustic shrike
 63278 | Depths:5 | Noticed a juggernaut
 63282 | Depths:5 | Killed a caustic shrike
 63291 | Depths:5 | Killed a juggernaut
 63631 | Depths:5 | Learned a level 1 spell: Apportation
 63634 | Depths:5 | Learned a level 2 spell: Blink
 64167 | Depths:5 | Received a gift from Okawaru
 64626 | Vaults:5 | Entered Level 5 of the Vaults
 64631 | Vaults:5 | Was placed under penance by Okawaru
 64657 | Vaults:5 | Reached XP level 25. HP: 183/219 MP: 32/34
 64704 | Vaults:5 | Was forgiven by Okawaru
 64747 | Vaults:5 | Received a gift from Okawaru
 64775 | Vaults:5 | Noticed an ancient lich
 64782 | Vaults:5 | Killed an ancient lich
 64782 | Vaults:5 | Received a gift from Okawaru
 64794 | Vaults:5 | Got a dazzling glaive {god gift}
 64821 | Vaults:5 | Reached skill level 15 in Evocations
 64868 | Vaults:5 | Identified the +10 glaive of Eternity {flame, *Drain rPois rF+ rN++} (Okawaru gifted it to you on level 5 of the Vaults)
 64899 | Vaults:5 | Reached skill level 1 in Stealth
 64941 | Vaults:5 | Noticed an ancient lich
 64964 | Vaults:5 | Killed an ancient lich
 64964 | Vaults:5 | Reached skill level 26 in Dodging
 65113 | Vaults:5 | Received a gift from Okawaru
 65289 | Vaults:5 | Reached skill level 5 in Stealth
 65509 | Vaults:5 | Received a gift from Okawaru
 65614 | Vaults:5 | Found Kuem's General Store.
 66206 | Vaults:5 | Got a silver rune of Zot
 66277 | Vaults:5 | Reached XP level 26. HP: 198/229 MP: 34/34
 67565 | Zot:1    | Entered Level 1 of the Realm of Zot
 67995 | Zot:1    | Received a gift from Okawaru
 69306 | Zot:1    | Reached skill level 27 in Dodging
 70080 | Zot:2    | Reached skill level 10 in Stealth
 70224 | Zot:2    | Received a gift from Okawaru
 70772 | Zot:3    | Reached XP level 27. HP: 173/238 MP: 33/35
 70837 | Zot:3    | Got a translucent bone ring
 71011 | Zot:3    | Identified the ring "Dasamu" {Fire MP+9 Int-2 Dex+4} (You took it off a draconian zealot on level 3 of the Realm of Zot)
 71860 | Zot:3    | Received a gift from Okawaru
 72379 | Zot:4    | Received a gift from Okawaru
 72847 | Zot:4    | Received a gift from Okawaru
 73336 | Zot:4    | Received a gift from Okawaru
 74034 | Zot:4    | Noticed an ancient lich
 74041 | Zot:4    | Killed an ancient lich
 74278 | Zot:4    | Noticed an ancient lich
 74285 | Zot:4    | Killed an ancient lich
 75196 | Zot:5    | Entered Level 5 of the Realm of Zot
 75299 | Zot:5    | Noticed an orb of fire
 75315 | Zot:5    | Killed an orb of fire
 75636 | Zot:5    | Received a gift from Okawaru
 75974 | Zot:5    | Reached skill level 15 in Stealth
 75975 | Zot:5    | Noticed an ancient lich
 76004 | Zot:5    | Killed an ancient lich
 76072 | Zot:5    | Noticed an orb of fire
 76082 | Zot:5    | Lost mutation: Your muscles are strong. (Str +2) [an orb of fire]
 76085 | Zot:5    | Killed an orb of fire
 76104 | Zot:5    | Noticed an ancient lich
 76121 | Zot:5    | Killed an ancient lich
 76124 | Zot:5    | Noticed an orb of fire
 76261 | Zot:5    | Noticed an orb of fire
 76275 | Zot:5    | Killed an orb of fire
 76391 | Zot:5    | Killed an orb of fire
 76426 | Zot:5    | Noticed an orb of fire
 76452 | Zot:5    | Gained mutation: You tend to lose your temper in combat. [an orb of fire]
 76456 | Zot:5    | Killed an orb of fire
 76518 | Zot:5    | Noticed an orb of fire
 76530 | Zot:5    | Killed an orb of fire
 76972 | Zot:5    | Received a gift from Okawaru
 77106 | Zot:5    | Noticed an orb of fire
 77113 | Zot:5    | Killed an orb of fire
 77162 | Zot:5    | Lost mutation: You tend to lose your temper in combat. [potion of cure mutation]
 77162 | Zot:5    | Lost mutation: You are agile. (Dex +2) [potion of cure mutation]
 77273 | Zot:5    | Noticed an orb of fire
 77273 | Zot:5    | Gained mutation: You are dopey. (Int -2) [an orb of fire]
 77278 | Zot:5    | Gained mutation: Scrolls take you a little longer to read. [an orb of fire]
 77289 | Zot:5    | Gained mutation: You tend to lose your temper in combat. [an orb of fire]
 77292 | Zot:5    | Killed an orb of fire
 77353 | Zot:5    | Noticed an orb of fire
 77390 | Zot:5    | Noticed an orb of fire
 77400 | Zot:5    | Killed an orb of fire
 77459 | Zot:5    | Noticed an orb of fire
 77493 | Zot:5    | Gained mutation: You are very dopey. (Int -4) [an orb of fire]
 77494 | Zot:5    | Gained mutation: You are weak. (Str -2) [an orb of fire]
 77500 | Zot:5    | Gained mutation: Your magical capacity is low (-10% MP). [an orb of fire]
 77502 | Zot:5    | Killed an orb of fire
 77600 | Zot:5    | Got the Orb of Zot
 77671 | Zot:4    | Lost mutation: You tend to lose your temper in combat. [potion of cure mutation]
 77671 | Zot:4    | Lost mutation: You are very dopey. (Int -4) [potion of cure mutation]
 77671 | Zot:4    | Lost mutation: You are dopey. (Int -2) [potion of cure mutation]
 77671 | Zot:4    | Lost mutation: You are weak. (Str -2) [potion of cure mutation]
 77671 | Zot:4    | Lost mutation: Your magical capacity is low (-10% MP). [potion of cure mutation]
 77672 | Zot:4    | Lost mutation: Scrolls take you a little longer to read. [potion of cure mutation]
 77786 | Depths:5 | Noticed Pitaulle the pandemonium lord
 77805 | Depths:5 | Killed Pitaulle the pandemonium lord
 77838 | Depths:5 | Noticed Ewkit the pandemonium lord
 78358 | D:11     | Noticed a seraph
 78543 | D:$      | Escaped with the Orb!

Skill      XL: |  1  2  3  4  5  6  7  8  9 10 11 12 13 14 15 16 17 18 19 20 21 22 23 24 25 26 27 |
---------------+----------------------------------------------------------------------------------+-----
Polearms       | 5 6 7 8 10 11 12 13 14 15 17 18 19 20 21 22 23 24 26 | 26.0
Fighting       | 3 4 5 6 7 9 11 12 13 14 15 16 17 18 19 20 21 22 23 24 26 | 26.1
Dodging        | 5 6 8 9 11 12 13 15 16 17 18 19 20 21 22 23 24 25 26 27 | 27.0
Invocations    | 3 5 7 9 10 11 12 14 15 16 17 | 17.1
Armour         | 3 5 6 7 8 10 11 | 11.6
Throwing       | 4 5 7 9 10 13 | 13.1
Evocations     | 4 7 9 10 12 13 14 15 17 | 17.7
Stealth        | 7 11 17 | 17.1

Action                   |  1- 3 |  4- 6 |  7- 9 | 10-12 | 13-15 | 16-18 | 19-21 | 22-24 | 25-27 || total
-------------------------+-------+-------+-------+-------+-------+-------+-------+-------+-------++-------
Melee: Trident           |   123 |   291 |   463 |   570 |       |       |       |       |       ||  1447
       Punch             |       |       |       |     2 |       |       |       |       |       ||     2
       Bardiche          |       |       |       |   189 |   525 |  1053 |  1200 |  1214 |  1586 ||  5767
       Glaive            |       |       |       |   136 |   920 |       |       |       |       ||  1056
       Tailslap          |       |       |       |       |     2 |     5 |       |       |       ||     7
Throw: Throwing net      |       |       |       |     6 |       |       |       |       |       ||     6
       Javelin           |       |       |       |     1 |     4 |    34 |       |     1 |    23 ||    63
Invok: Heroism           |       |       |       |     9 |     9 |     9 |       |     8 |    19 ||    54
       Finesse           |       |       |       |     5 |     6 |     8 |       |     8 |    17 ||    44
Evoke: Wand              |       |       |       |       |     1 |       |       |       |     9 ||    10
       Rod               |       |       |       |       |       |       |     3 |       |     1 ||     4
       Lamp of fire      |       |       |       |       |       |       |     2 |     1 |     3 ||     6
       Sack of spiders   |       |       |       |       |       |       |       |     2 |       ||     2
  Use: Scroll            |       |     7 |     3 |    18 |    13 |    12 |     6 |     7 |    19 ||    85
       Potion            |       |       |     4 |     2 |     4 |     2 |     1 |     2 |    18 ||    33
 Stab: Sleeping          |     1 |     1 |       |     3 |    11 |     5 |     5 |     3 |     8 ||    37
       Held in net/web   |       |       |       |     3 |       |       |       |       |       ||     3
       Distracted        |       |       |       |     1 |     4 |     3 |     2 |     8 |    14 ||    32
  Eat: Chunk             |     1 |    12 |    11 |    28 |    19 |    20 |    18 |    25 |    33 ||   167
       Pizza             |       |       |     1 |       |       |     3 |       |       |       ||     4
       Beef jerky        |       |       |     1 |     2 |     1 |     2 |       |     6 |    12 ||    24
       Royal jelly       |       |       |       |     1 |       |       |       |       |       ||     1
       Meat ration       |       |       |       |     1 |     5 |     2 |     4 |       |       ||    12
       Fruit             |       |       |       |       |       |     2 |       |       |       ||     2
Armor: Leather armour    |    30 |    56 |    53 |   137 |   117 |       |       |       |       ||   393
       Mottled dragon ar |       |       |       |       |    61 |   192 |   138 |   219 |   184 ||   794
Dodge: Dodged            |    83 |   167 |   214 |   640 |  1319 |  1136 |  1328 |  1686 |  1414 ||  7987
Block: Other             |       |       |       |       |    34 |    61 |    59 |    75 |    71 ||   300
       Reflection        |       |       |       |       |     2 |     7 |     6 |     5 |     1 ||    21
